 Dungeon Crawl Stone Soup version 0.21.3-3-g218456f21e (webtiles) character file.

76 BrokenGlass the Magician (level 4, -5/30 HPs)
             Began as an Octopode Wanderer on Apr 18, 2023.
             Was an Initiate of Ashenzari.
             Slain by a gnoll
             ... wielding a +0 club
              (8 damage)
             ... on level 3 of the Dungeon.
             The game lasted 00:05:37 (1156 turns).

BrokenGlass the Magician (Octopode Wanderer)        Turns: 1156, Time: 00:05:38

Health: -5/30      AC:  1    Str: 12    XL:     4   Next: 32%
Magic:  9/9        EV: 12    Int: 15    God:    Ashenzari [......]
Gold:   48         SH:  0    Dex: 10    Spells: 10/10 levels left

rFire    . . .     SeeInvis .   a - +2 mace
rCold    . . .     Gourm    .   (no shield)
rNeg     . . .     Faith    .   (helmet restricted)
rPois    .         Spirit   .   (no amulet)
rElec    .         Reflect  .   (no ring)
rCorr    .         Harm     .   (no ring)
MR       .....                  (no ring)
Stlth    +++.......             (no ring)
HPRegen  0.10/turn              (no ring)
MPRegen  0.11/turn              (no ring)
                                (no ring)
                                (no ring)

@: no status effects
A: almost no armour, stealthy swim, amphibious, 8 rings, constrict 8, camouflage
1, gelatinous body 1
a: Curse Item, Renounce Religion


You were on level 3 of the Dungeon.
You worshipped Ashenzari.
Ashenzari was noncommittal.
You were hungry.

You visited 1 branch of the dungeon, and saw 3 of its levels.

You collected 48 gold pieces.

Inventory:

Hand Weapons
 a - a +2 mace (weapon)
Missiles
 f - 23 arrows
 i - 21 stones (quivered)
Scrolls
 b - a scroll of teleportation
 g - a scroll of identify {unknown}
Potions
 e - a potion of lignification {unknown}
 j - a potion of curing {unknown}
Books
 c - the Collected Works on Calling

   Spells                             Type                      Level
   a - Summon Small Mammal            Summoning                    1
   b - Recall                         Summoning/Translocation      3
Comestibles
 d - a ration


   Skills:
 + Level 2.9 Fighting
 - Level 1.6 Maces & Flails
 - Level 1.5 Throwing
 + Level 2.0 Stealth
   Level 1.0 Shields
 - Level 3.5 Spellcasting
   Level 2.0 Summonings


You had 10 spell levels left.
You didn't know any spells.

Dungeon Overview and Level Annotations

Branches:
Dungeon (3/15)

Altars:
Ashenzari

Annotations:
D:2 Natasha


Innate Abilities, Weirdness & Mutations

You cannot wear most types of armour.
You are very stealthy in the water. (Stealth+)
You are amphibious.
You can wear up to eight rings at the same time.
You can use your tentacles to constrict eight enemies at once.
Your skin changes colour to match your surroundings (Stealth+).
Your rubbery body absorbs attacks. (AC +1, EV +1)


Message History

Your Stealth skill increases to level 2!
The gnoll hits you with a club.
* * * LOW HITPOINT WARNING * * *
There is an open door here.
There is an open door, spattered with blood here.
There is an open door here.
There is an open door here.
You see here an uncursed flail.
You see here a glowing brown potion.
Okay, then.
Okay, then.
Unknown command.
You hit the gnoll but do no damage. Your grab misses the gnoll.
Your squeeze misses the gnoll. The gnoll hits you with a club!
* * * LOW HITPOINT WARNING * * *
Unknown command.
You hit the gnoll. Your grab misses the gnoll.
The gnoll is moderately wounded.
The gnoll hits you with a club!
You die...

###########
#.........# ####
#.........#####...
#........!...)'...
#..........####...
#..........####...
#@g...........###'
#####..$......# #.
#.........# #.
#.........# #.
#......>..###.
#............)
.............
..$.....####
###.......g.


You could see a gnoll.

Vanquished Creatures
  A worker ant (D:2)
  3 gnolls (D:3)
  An adder (D:2)
  2 worms (D:2)
  A giant cockroach (D:2)
  2 hobgoblins
  A quokka (D:3)
  A rat (D:3)
12 creatures vanquished.

Notes
Turn   | Place    | Note
-------+----------+-------------------------------------------
     0 | D:1      | BrokenGlass the Octopode Wanderer began the quest for the Orb.
     0 | D:1      | BrokenGlass set off with: a +2 mace, a scroll of teleportation, the Collected Works on Calling, a ration
     0 | D:1      | Reached XP level 1. HP: 14/14 MP: 4/4
     2 | D:1      | Identified the Collected Works on Calling
    24 | D:1      | Found a shattered altar of Ashenzari.
    33 | D:1      | Became a worshipper of Ashenzari the Shackled
   172 | D:2      | Noticed Natasha
   231 | D:2      | Noticed a worker ant
   239 | D:2      | Killed a worker ant
   239 | D:2      | Reached XP level 2. HP: 11/19 MP: 4/6
   239 | D:2      | Reached XP level 3. HP: 14/24 MP: 5/8
  1063 | D:3      | Reached skill level 1 in Stealth
  1111 | D:3      | Reached XP level 4. HP: 22/30 MP: 9/9
  1156 | D:3      | Slain by a gnoll

Skill      XL: |  1  2  3  4 |
---------------+-------------+-----
Stealth        | 1 2 |  2.0
Fighting       | |  2.9
Maces & Flails | |  1.6
Throwing       | |  1.5
Shields        | |  1.0
Spellcasting   | |  3.5
Summonings     | |  2.0

Action                   |  1- 3 |  4- 6 || total
-------------------------+-------+-------++-------
Melee: Mace              |    31 |     5 ||    36
       Constrict         |     9 |     2 ||    11
       Tentacles         |     2 |     1 ||     3
  Use: Potion            |     2 |       ||     2
 Stab: Sleeping          |     3 |       ||     3
Armor: Skin              |     1 |       ||     1
Dodge: Dodged            |    22 |     1 ||    23
